Map: Bridgehead LE (Void)

Players

Javert - Winner!

  • Race: Zerg Zerg
  • League: Grandmaster

PhathoM

  • Race: Zerg Zerg
  • League: Grandmaster

VOD

Have the link to the VOD?

Description

Time

  • Played on: Sept. 21, 2015, 11:01 p.m.
  • Length: 8:24
Show
View Real Time Build Order
Export as new Build Order

Javert Zerg - Winner!

Build Orders: Pool First 

Get SALT Encoding   

  12  0:01  Drone  
  13  0:12  Overlord  
  13  0:18  Drone  
  14  0:32  Drone x2  
  17  0:35  Drone  
  17  0:45  Spawning Pool  
  17  0:48  Drone  
  17  1:00  Drone  
  18  1:15  Hatchery, Drone  
  18  1:23  Extractor  
  17  1:32  Roach Warren  
  17  1:35  Queen  
  18  1:44  Overlord  
  18  1:50  Drone  
  19  2:15  Roach x2  
  23  2:17  Roach  
  23  2:20  Queen  
  27  2:26  Overlord  
  27  2:31  Drone  
  28  2:48  Roach x2  
  28  2:50  Drone x3  
  35  3:11  Drone x5  
  39  3:23  Overlord  
  39  3:28  Baneling Nest  
  39  3:29  Drone x3  
  41  3:43  Drone x2  
  41  3:44  Drone x4  
  47  4:01  Roach x5  
  47  4:17  Evolution Chamber  
  47  4:18  Evolution Chamber  
  47  4:22  Drone x3  
  47  4:23  Drone x2  
  50  4:33  Drone  
  50  4:45  Drone x2  
  50  4:46  Overlord  
  52  4:57  Queen  
  49  5:02  Overlord  
  49  5:03  Lair  
  49  5:13  Hatchery, Overlord  
  48  5:15  Zerg Missile Weapons Level 1  
  48  5:17  Extractor  
  48  5:18  Extractor  
  48  5:20  Extractor  
  45  5:22  Overlord  
  45  5:23  Overlord  
  45  5:30  Drone x6  
  45  5:31  Drone  
  52  5:38  Queen  
  54  5:44  Drone x5  
  59  5:53  Drone  
  60  5:59  Drone x2  
  60  6:00  Glial Reconstitution  
  62  6:05  Roach x4  
  70  6:11  Overlord  
  70  6:13  Roach x2  
  74  6:24  Roach  
  74  6:25  Roach x3  
  82  6:33  Roach  
  82  6:34  Roach x2  
  88  6:44  Queen  
  88  6:46  Roach x2  
  94  6:49  Extractor  
  94  6:50  Extractor  
  92  6:58  Roach  
  92  6:59  Roach x3  
  100  7:02  Overseer  
  100  7:06  Overlord  
  100  7:08  Overlord  
  100  7:09  Drone x3  
  103  7:16  Drone, Hydralisk Den  
  97  7:37  Roach x3  
  97  7:38  Roach x6  
  115  7:47  Overlord x2  
  115  7:50  Drone x3  
  115  7:51  Drone  
  115  7:59  Drone x2  
  115  8:00  Drone  
Show
View Real Time Build Order
Export as new Build Order

PhathoM Zerg 

Build Orders: Hatch First 

Get SALT Encoding   

  12  0:00  Drone  
  13  0:12  Overlord  
  13  0:18  Drone  
  14  0:30  Drone x2  
  16  0:51  Drone  
  16  0:52  Hatchery  
  16  1:07  Spawning Pool  
  16  1:08  Drone  
  16  1:12  Extractor  
  16  1:14  Drone  
  16  1:17  Drone  
  17  1:22  Drone  
  18  1:32  Overlord  
  18  1:54  Queen, Zergling x4  
  22  2:03  Drone  
  22  2:04  Queen  
  22  2:05  Drone  
  26  2:14  Metabolic Boost  
  26  2:21  Drone x2  
  28  2:41  Baneling Nest  
  27  2:47  Overlord x2  
  27  2:48  Drone x4  
  31  3:11  Zergling x2  
  31  3:12  Zergling x12  
  38  3:22  Roach Warren  
  37  3:29  Zergling x6  
  37  3:30  Zergling x6  
  42  3:40  Spine Crawler  
  37  4:03  Zergling x2  
  37  4:04  Zergling x18  
  46  4:15  Drone x2  
  46  4:16  Drone x3  
  45  4:51  Evolution Chamber  
  45  4:52  Drone x2  
  44  4:53  Evolution Chamber, Drone x6  
  44  5:12  Hatchery  
  44  5:13  Lair  
  43  5:20  Extractor  
  43  5:21  Extractor  
  41  5:23  Extractor  
  41  5:24  Drone x3  
  41  5:25  Drone x3  
  46  5:49  Drone x4  
  51  5:50  Drone  
  51  5:51  Overlord  
  51  5:52  Overlord x2  
  51  6:02  Overlord x2  
  51  6:15  Spire  
  50  6:32  Queen  
  52  6:34  Drone x2  
  52  6:35  Drone x4  
  52  6:36  Zergling x14  
  52  6:37  Zergling x2  
  66  6:49  Overlord x2  
  66  6:52  Drone x2  
  66  6:53  Extractor  
  66  7:01  Zergling x6  
  66  7:02  Zergling x14  
  75  7:15  Zergling x10  
  79  7:16  Zergling x4  
  70  7:30  Mutalisk  
  70  7:31  Mutalisk x5  
Tags
 
Add a new tag
Caveats
  • Supply blocks, unpowered buildings, or Contaminate may cause inaccurate times.
  • Supply counts are checked every 10 seconds.